 Dungeon Crawl Stone Soup version 0.31-a0-257-gf185e81a89 (webtiles) character file.

Game seed: 10263076200900973575

131 qw the Shooter (level 5, -2/30 HPs)
             Began as a Gargoyle Hexslinger on July 12, 2023.
             Killed from afar by an orc wizard (4 damage)
             ... with a magic dart
             ... on level 3 of the Dungeon.
             The game lasted 00:01:10 (2472 turns).

qw the Shooter (Gargoyle Hexslinger)                Turns: 2472, Time: 00:01:10

Health: -2/30      AC:  9    Str: 12    XL:     5   Next: 14%
Magic:  6/6        EV: 10    Int: 13    God:
Gold:   88         SH:  0    Dex: 14    Spells: 5/6 levels left

rFire   . . .        Y - +1 sling
rCold   . . .        (no shield)
rNeg    + . .        g - +0 ring mail
rPois   inf          (no helmet)
rElec   +            (no cloak)
rCorr   .            (no gloves)
SInv    .            (no boots)
Will    +....        (no amulet)
Stlth   +            d - ring of willpower
HPRegen 0.25/turn    (no ring)
MPRegen 0.10/turn

%: no passive effects
@: no status effects
A: sickness immunity, AC +4, negative energy resistance 1, electricity
resistance, torment resistance 1, petrification resistance
a: no special abilities


You were on level 3 of the Dungeon.
You visited 1 branch of the dungeon, and saw 3 of its levels.

You collected 88 gold pieces.


Innate Abilities, Weirdness & Mutations

You are immune to sickness and miasma.
Your stone body is resilient. (AC +4)
You are immune to poison.
You resist negative energy. (rN+)
You are resistant to electric shocks. (rElec)
You are resistant to unholy torment.
You are immune to petrification.


   Skills:
 - Level 2.0 Fighting
 + Level 4.7 Ranged Weapons
 - Level 1.0 Armour
 - Level 1.5 Dodging
 - Level 1.0 Spellcasting
 - Level 2.6 Hexes


You had 5 spell levels left.
You knew the following spells:

 Your Spells              Type           Power      Damage    Failure   Level
a - Slow                  Hex            28%        N/A       22%         1

Your spell library contained the following spells:

 Spells                   Type           Power      Damage    Failure   Level
 Inner Flame              Hex/Fire       4%         N/A       73%         3
 Portal Projectile        Hex/Tloc       8%         N/A       73%         3
 Cause Fear               Hex            3%         N/A       91%         4

Inventory:

Hand Weapons
 Y - a +1 sling (weapon)
Armour
 g - a +0 ring mail (worn)
 k - a +0 pair of boots
Jewellery
 d - a ring of willpower (left hand)
Scrolls
 f - a scroll of revelation {unknown}
 i - a scroll of identify
 j - a scroll of enchant weapon {unknown}
Potions
 a - a potion of berserk rage {unknown}
 b - a potion of curing
 c - a potion of cancellation {unknown}
 e - a potion of attraction {unknown}
 h - a potion of lignification {unknown}

Dungeon Overview and Level Annotations

Branches:
Dungeon (3/15)

Altars:

Annotations:
D:2 1 runed translucent door, Crazy Yiuf
D:3 1 runed translucent door, qw's ghost, amateur GrHs


Message History

A puff of flame appears from out of thin air!
The puff of flame hits you.
You shoot a sling bullet.
The sling bullet hits the orc but does no damage.
A magic dart appears from out of thin air!
The magic dart hits you!
The orc wizard mumbles some strange words.
The orc wizard flickers and vanishes!
You feel something passing dangerously close to your head.
You shoot a sling bullet. The sling bullet barely misses the orc.
The endoplasm freezes you.
You are frozen.
You shoot a sling bullet.
The sling bullet completely misses the endoplasm.
The endoplasm barely misses you.
You shoot a sling bullet. The sling bullet hits the endoplasm.
The endoplasm is lightly wounded.
Something hits you but does no damage. The endoplasm freezes you.
You are frozen.
The orc completely misses you. The endoplasm hits you.
You shoot a sling bullet. The sling bullet hits the endoplasm!
You kill the endoplasm!
The orc barely misses you. Something hits you.
You hear some strange, mumbled words.
Something tries to affect you, but you resist.
You shoot a sling bullet.
The sling bullet hits the orc but does no damage.
Something hits you but does no damage. The orc barely misses you.
You shoot a sling bullet. The sling bullet barely misses the orc.
Something hits you but does no damage. The orc barely misses you.
Something hits you but does no damage.
You shoot a sling bullet.
The sling bullet closely misses the orc.
Something hits you but does no damage. Something hits you.
The orc closely misses you.
Qw's ghost screams, "You will join me soon!"
You hear some strange, mumbled words.
A magic dart appears from out of thin air!
The magic dart hits you.
You die...

#.# ####...##..... #.#
##............. #.#
##............... #.#
##...........>.... #.#
#.......)........
#.###...###...#.##.###
#.##...##}##.........
#.....##...##.{.##.##.. .
##...##..?..##o@....... ..
###...#}..7..W+...#.##.. ..
......##..!..##.....<# .##
.......##...##...)..... ...
........##}##........## ..
......)..###.....)...# #.
.....##.........#....######.#
..
.)...###........#............
##
.....#####..#####.............
#


You could see qw's ghost and an orc.

Vanquished Creatures
  4 adders
  3 worms (D:2)
  4 dart slugs
  3 orcs
  4 endoplasms
  3 giant cockroaches
  9 goblins
  3 hobgoblins
  15 jackals
  4 quokkas
  2 ball pythons
  4 bats
  A frilled lizard (D:1)
  8 kobolds
  2 rats
69 creatures vanquished.

Notes
Turn   | Place    | Note
-------+----------+-------------------------------------------
     0 | D:1      | qw the Gargoyle Hexslinger began the quest for the Orb.
     0 | D:1      | Reached XP level 1. HP: 12/12 MP: 2/2
     0 | D:1      | 0 ||| qw: Version: 0.3-a-52-g30416fa
     0 | D:1      | 0 ||| qw: Game counter: 6800
     0 | D:1      | 0 ||| qw: Melee chars always use a shield: true
     0 | D:1      | 0 ||| qw: God list: Okawaru
     0 | D:1      | 0 ||| qw: Allow faded altars: false
     0 | D:1      | 0 ||| qw: Do Orc after clearing Dungeon:15 true
     0 | D:1      | 0 ||| qw: Do second Lair branch before Depths: true
     0 | D:1      | 0 ||| qw: Lair rune preference: random
     0 | D:1      | 0 ||| qw: Goals: Normal
     0 | D:1      | 0 ||| PLANNING D:1-11
    94 | D:1      | Reached XP level 2. HP: 16/16 MP: 3/3
   101 | D:1      | Found a faded altar of an unknown god.
   239 | D:1      | Reached skill level 3 in Ranged Weapons
   417 | D:1      | Reached XP level 3. HP: 19/21 MP: 4/4
   913 | D:1      | 913 ||| UPGRADING to +0 ring mail.
   923 | D:1      | 923 ||| DROPPING +0 robe.
   924 | D:1      | 924 ||| UPGRADING to ring of willpower.
   925 | D:1      | 925 ||| READING scroll labelled SATAIT ATTEH BOUC.
   926 | D:1      | 926 ||| DROPPING scroll of poison.
  1062 | D:2      | Reached XP level 4. HP: 26/26 MP: 5/5
  1103 | D:2      | Reached skill level 4 in Ranged Weapons
  1350 | D:2      | Reached skill level 1 in Armour
  1518 | D:2      | 1518 ||| FLEEEEING.
  1924 | D:2      | Found a runed translucent door.
  1925 | D:2      | Noticed Crazy Yiuf
  1928 | D:2      | 1928 ||| DROPPING +6 ring of intelligence.
  1929 | D:2      | 1929 ||| READING scroll labelled TESIQO JEIRGH.
  1930 | D:2      | 1930 ||| READING scroll labelled EROS KIBLOEMNO.
  2031 | D:2      | 2031 ||| READING scroll labelled DUEKUEN JAGE.
  2032 | D:2      | 2032 ||| READING scroll labelled KAXKOX VOSUKEFI.
  2033 | D:2      | 2033 ||| DRINKING 2 metallic yellow potions.
  2069 | D:3      | 2069 ||| STAIRDANCE
  2265 | D:3      | Reached XP level 5. HP: 19/30 MP: 6/6
  2271 | D:3      | 2271 ||| FLEEEEING.
  2358 | D:3      | Found a runed translucent door.
  2358 | D:3      | Noticed qw's ghost (amateur GrHs)
  2453 | D:3      | 2453 ||| FLEEEEING.
  2454 | D:3      | 2454 ||| FLEEEEING.
  2455 | D:3      | 2455 ||| FLEEEEING.
  2456 | D:3      | 2456 ||| FLEEEEING.
  2457 | D:3      | 2457 ||| FLEEEEING.
  2460 | D:3      | 2460 ||| FLEEEEING.
  2461 | D:3      | 2461 ||| FLEEEEING.
  2462 | D:3      | 2462 ||| FLEEEEING.
  2463 | D:3      | 2463 ||| FLEEEEING.
  2468 | D:3      | HP: 7/30 [frozen (3)]
  2469 | D:3      | HP: 2/30 [something (3)]
  2472 | D:3      | Killed from afar by an orc wizard

Levels and vault maps discovered:
D:1:      tarquinn_simple_flora_water_b, layout_basic,
          ebering_ecumenical_altar_abandoned, chequers_serial_rivers_small_a
D:2:      layout_basic, minivault_11, nicolae_titane, uniq_crazy_yiuf_cottage
D:3:      layout_rooms, hellmonk_ghost_happy_afterlife, minivault_19,
          minivault_25, minivault_19, minmay_fountain_box

Skill      XL: |  1  2  3  4 |
---------------+-------------+-----
Ranged Weapons | 3 4 |  4.7
Fighting       | 2 |  2.0
Armour         | 1 |  1.0
Dodging        | |  1.5
Spellcasting   | |  1.0
Hexes          | |  2.6

Action                     |  1- 3 |  4- 6 || total
---------------------------+-------+-------++-------
   Fire: Sling             |   124 |   161 ||   285
    Use: Scroll            |     1 |     4 ||     5
         Potion            |       |     1 ||     1
 Armour: Robe              |    17 |       ||    17
         Ring mail         |    19 |    57 ||    76
  Dodge: Dodged            |    61 |    66 ||   127

Table legend:
 A = Non-vault XP
 B = Vault XP
 C = Vault XP percentage of total XP
 D = Non-vault monster count
 E = Vault monster count
 F = Vault count percentage of total count
                 A         B        C        D         E       F
            +---------+---------+-------+---------+---------+-------
      Total |     188 |       0 |   0.0 |      69 |       0 |   0.0
            +---------+---------+-------+---------+---------+-------
        D:1 |      51 |       0 |   0.0 |      28 |       0 |   0.0
        D:2 |     113 |       0 |   0.0 |      35 |       0 |   0.0
        D:3 |      24 |       0 |   0.0 |       6 |       0 |   0.0
            +---------+---------+-------+---------+---------+-------
